 Dungeon Crawl Stone Soup version 0.19.0-22-gd96e5fe (webtiles) character file.

4918 CountDeLaPain the Slicer (level 10, -9/64 HPs)
             Began as a Kobold Berserker on Nov 19, 2016.
             Was an Elder of Trog.
             Mangled by an orc warrior
             ... wielding a +0 glaive
              (15 damage)
             ... on level 9 of the Dungeon.
             The game lasted 00:29:48 (9615 turns).

CountDeLaPain the Slicer (Kobold Berserker)         Turns: 9615, Time: 00:29:56

Health: -9/64      AC:  5    Str: 16    XL:     10   Next: 80%
Magic:  15/15      EV: 19    Int:  8    God:    Trog [****..]
Gold:   430        SH:  0    Dex: 17    Spells: 0 memorised, 9 levels left

rFire  + . .     SeeInvis .     w - +3 rapier (venom)
rCold  . . .     Gourm    .     n - +0 leather armour
rNeg   . . .     Faith    .     (shield restricted)
rPois  .         Spirit   .     (no helmet)
rElec  .         Reflect  .     m - +0 cloak
rCorr  .         Harm     .     (no gloves)
MR     .....                    o - +0 pair of boots
Stlth  +++.......               (no amulet)
                                G - ring of flight
                                I - ring of protection from fire

@: exhausted, marked, slowed, very slow
A: carnivore 3
a: Berserk, Trog's Hand, Brothers in Arms, Burn Spellbooks, Renounce Religion,
Evoke Flight


You were on level 9 of the Dungeon.
You worshipped Trog.
Trog was greatly pleased with you.
You were not hungry.

You visited 1 branch of the dungeon, and saw 9 of its levels.

You collected 430 gold pieces.

Inventory:

Hand Weapons
 a - a +0 short sword
 w - a +3 rapier of venom (weapon)
Armour
 b - a +0 animal skin
 m - a +0 cloak (worn)
 n - a +0 leather armour (worn)
 o - a +0 pair of boots (worn)
 p - a +0 buckler
Rods
 D - a +0 iron rod (14/14)
   (You found it on level 5 of the Dungeon)
Jewellery
 v - an uncursed ring of protection from fire
 G - a ring of flight (right hand)
 I - a ring of protection from fire (left hand)
Wands
 h - a wand of polymorph (12/24)
 l - a wand of random effects (31/48)
 u - a wand of paralysis (14/24)
 x - a wand of polymorph (10/24)
 A - a wand of polymorph (8/24)
 B - a wand of digging (11/24)
 C - a wand of acid (10/15)
 J - a wand of flame (16/48)
 L - a wand of paralysis (17/24)
Scrolls
 e - a scroll of fear
 g - 2 scrolls of amnesia
 y - 4 scrolls of remove curse
 z - 2 scrolls of identify
 F - 2 scrolls of immolation
 S - a scroll of acquirement {unknown}
Potions
 d - a potion of cancellation
 i - 6 potions of curing
 j - a potion of lignification {unknown}
 k - 3 potions of flight
 q - a potion of might
 t - 4 potions of agility
 E - a potion of mutation {unknown}
 H - 2 potions of cure mutation {unknown}
 M - a potion of invisibility {unknown}
 P - a potion of haste {unknown}
 R - a potion of brilliance {unknown}
Books
 r - a book of Changes

   Spells                             Type                      Level
   a - Beastly Appendage              Transmutation                1
   b - Sticks to Snakes               Transmutation                2
   c - Spider Form                    Transmutation/Poison         3
   d - Ice Form                       Ice/Transmutation            4
   e - Blade Hands                    Transmutation                5
   Trog disapproves of the use of such an item.
 O - a book of Clouds

   Spells                             Type                      Level
   a - Mephitic Cloud                 Conjuration/Poison/Air       3
   b - Conjure Flame                  Conjuration/Fire             3
   c - Poisonous Cloud                Conjuration/Poison/Air       6
   d - Freezing Cloud                 Conjuration/Ice/Air          6
   e - Ring of Flames                 Charms/Fire                  7
   Trog disapproves of the use of such an item.
 Q - a book of Conjurations

   Spells                             Type                      Level
   a - Magic Dart                     Conjuration                  1
   b - Searing Ray                    Conjuration                  2
   c - Dazzling Spray                 Conjuration/Hexes            3
   d - Fulminant Prism                Conjuration/Hexes            4
   e - Iskenderun's Mystic Blast      Conjuration                  4
   f - Iskenderun's Battlesphere      Conjuration/Charms           5
   Trog disapproves of the use of such an item.
Comestibles
 c - 5 meat rations
 f - a royal jelly
 s - 5 slices of pizza
 K - 3 beef jerkies


   Skills:
 + Level 7.8 Fighting
 + Level 12.7 Short Blades
 + Level 3.8 Armour
 + Level 6.8 Dodging
 + Level 5.7 Stealth
 * Level 6.7 Evocations


You had 9 spell levels left.
You didn't know any spells.

Dungeon Overview and Level Annotations

Branches:
Dungeon (9/15)             Temple (0/1) D:7             Orc (0/2) D:9
   Lair: D:8-11

Altars:
Dithmenos
Xom

Shops:
D:4 (


Innate Abilities, Weirdness & Mutations

You are small and have problems with some larger weapons.
You are carnivorous and can eat meat at any time.


Message History

The big kobold dies!
Trog accepts your kill.
The wight hits your polar bear but does no damage.
Your polar bear bites the wight but does no damage.
Your polar bear claws the wight.
Your polar bear claws the wight but does no damage.
The worker ant barely misses you. The ogre closely misses you.
Your skin stops crawling.
You feel less resistant to hostile enchantments.
Your polar bear bites the wight!!
The wight is destroyed!
Trog accepts your kill.
The orc warrior hits you from afar with a glaive!!
* * * LOW HITPOINT WARNING * * *
Your polar bear bites the orc!!
The orc dies!
Trog accepts your kill. The ogre closely misses you.
The orc warrior hits you from afar with a glaive!
You die...

#..#..... #..##....
#..##....
###########....†...
#..##....##..######
#.......†.#..##..##
#..zo)h))z'........
#.aO.....##..##....
##@##....##.)##..##
#..########.)##..##
#..'.............##
#..#...............
#..##.g.#######..##
#..##....# #####
#...#..#.# #
#...+..#.# #
#..#####(# .


You could see an orc warrior, an ogre, a worker ant, 2 wights and a friendly
polar bear (berserk).

Vanquished Creatures
  Pikel (D:6)
  Sigmund (D:2)
  3 hippogriffs
  A water moccasin (D:9)
  Duvessa (D:5)
  3 sky beasts
  An ice beast (D:7)
  4 orc warriors
  A black bear (D:7)
  A phantom (D:8)
  A necrophage (D:8)
  2 ogres
  A centaur (D:8)
  A crocodile (D:7)
  2 big kobolds (D:9)
  2 bullfrogs
  2 gnoll sergeants (D:9)
  Dowan (D:5)
  6 killer bees (D:9)
  3 electric eels (D:7)
  2 wights (D:9)
  3 howler monkeys
  6 crimson imps
  A centaur zombie (D:5)
  A jelly (D:7)
  A hound (D:4)
  A bullfrog zombie (D:7)
  A bullfrog skeleton (D:8)
  A centaur skeleton (D:6)
  Crazy Yiuf (D:2)
  3 iguanas
  5 worker ants
  An orc wizard (D:5)
  A killer bee zombie (D:5)
  2 hound zombies
  2 hound skeletons (D:4)
  8 adders
  A gnoll (D:9)
  An ooze (D:2)
  2 adder skeletons
  An adder zombie (D:8)
  2 worms (D:4)
  12 dart slugs
  6 leopard geckos
  17 orcs
  2 ball pythons
  5 giant cockroaches
  11 hobgoblins
  10 jackals
  6 quokkas
  3 bats
  5 frilled lizards
  8 goblins
  A jackal skeleton (D:7)
  5 kobolds
  3 rats
179 creatures vanquished.

Vanquished Creatures (collateral kills)
  A troll (D:9)
  An orc warrior (D:9)
  An ogre (D:9)
  A big kobold (D:9)
  4 gnoll sergeants (D:9)
  A wight (D:9)
  4 orcs (D:9)
13 creatures vanquished.

Vanquished Creatures (others)
  A slave (D:7)
  A jelly (D:6)
  A bullfrog skeleton (D:7)
  A hound (D:7)
  2 dart slugs (D:7)
6 creatures vanquished.

Grand Total: 198 creatures vanquished

Notes
Turn   | Place    | Note
-------+----------+-------------------------------------------
     0 | D:1      | CountDeLaPain the Kobold Berserker began the quest for the Orb.
     0 | D:1      | Reached XP level 1. HP: 14/14 MP: 1/1
   429 | D:1      | Reached XP level 2. HP: 16/19 MP: 2/2
  1048 | D:1      | Reached XP level 3. HP: 24/24 MP: 3/3
  1619 | D:2      | Noticed Sigmund
  1633 | D:2      | Killed Sigmund
  1633 | D:2      | Reached skill level 6 in Short Blades
  1633 | D:2      | Reached skill level 1 in Stealth
  1633 | D:2      | Reached XP level 4. HP: 30/30 MP: 4/4
  1633 | D:2      | Reached XP level 5. HP: 34/34 MP: 5/5
  1633 | D:2      | Reached XP level 6. HP: 39/39 MP: 6/6
  1696 | D:2      | Found a runed door.
  1700 | D:2      | Noticed Crazy Yiuf
  1706 | D:2      | Killed Crazy Yiuf
  1969 | D:2      | Reached ** piety under Trog
  1999 | D:2      | Found a shadowy altar of Dithmenos.
  3709 | D:4      | Noticed an ogre
  3720 | D:4      | Killed an ogre
  3720 | D:4      | Reached skill level 5 in Fighting
  3720 | D:4      | Reached skill level 7 in Short Blades
  3720 | D:4      | Reached XP level 7. HP: 41/44 MP: 7/7
  4389 | D:4      | Found Beuhij's Weapon Boutique.
  4512 | D:4      | Reached *** piety under Trog
  4578 | D:5      | Entered Level 5 of the Dungeon
  4725 | D:5      | Reached skill level 8 in Short Blades
  4725 | D:5      | Reached skill level 1 in Evocations
  4787 | D:5      | Reached XP level 8. HP: 49/49 MP: 9/9
  5053 | D:5      | Noticed Duvessa
  5053 | D:5      | Noticed Dowan
  5071 | D:5      | Killed Duvessa
  5071 | D:5      | Reached skill level 5 in Dodging
  5072 | D:5      | Killed Dowan
  5072 | D:5      | Reached skill level 9 in Short Blades
  6201 | D:7      | Noticed Pikel
  6210 | D:6      | Killed Pikel
  6210 | D:6      | Reached skill level 10 in Short Blades
  6210 | D:6      | Reached XP level 9. HP: 42/55 MP: 9/11
  6819 | D:7      | Reached **** piety under Trog
  7311 | D:7      | Found a staircase to the Ecumenical Temple.
  7836 | D:7      | Reached skill level 11 in Short Blades
  7920 | D:8      | Found a shimmering altar of Xom.
  8065 | D:8      | Reached skill level 5 in Stealth
  8283 | D:8      | Reached XP level 10. HP: 63/63 MP: 13/13
  8345 | D:8      | Reached skill level 5 in Evocations
  8637 | D:9      | Reached skill level 12 in Short Blades
  9524 | D:9      | Found a staircase to the Orcish Mines.
  9615 | D:9      | Mangled by an orc warrior

Skill      XL: |  1  2  3  4  5  6  7  8  9 10 |
---------------+-------------------------------+-----
Fighting       | 4 5 6 7 |  7.8
Short Blades   | 6 7 8 10 11 12 | 12.7
Dodging        | 3 4 5 6 |  6.8
Stealth        | 1 2 3 4 5 |  5.7
Armour         | 2 3 |  3.8
Evocations     | 1 3 4 6 |  6.7

Action                   |  1- 3 |  4- 6 |  7- 9 | 10-12 || total
-------------------------+-------+-------+-------+-------++-------
Melee: Short sword       |    96 |   189 |    37 |       ||   322
       Rapier            |       |       |   265 |   128 ||   393
Invok: Berserk           |     1 |     4 |     5 |     5 ||    15
       Trog's Hand       |       |       |     1 |     2 ||     3
       Brothers in Arms  |       |       |       |     2 ||     2
Evoke: Rod               |       |       |     2 |       ||     2
       Wand              |       |       |     3 |     2 ||     5
  Use: Scroll            |     1 |     4 |     4 |     3 ||    12
 Stab: Sleeping          |     1 |     4 |     5 |     2 ||    12
       Distracted        |       |       |       |     1 ||     1
       Paralysed         |       |       |       |     1 ||     1
  Eat: Chunk             |     9 |    11 |    22 |     3 ||    45
Armor: Animal skin       |    13 |     4 |       |       ||    17
       Leather armour    |       |    16 |    41 |    15 ||    72
Dodge: Dodged            |    43 |   119 |   191 |   151 ||   504
